 Seeded DCSS version 0.28.0-53-g5a82cb258f (webtiles) character file.

Game seed: 10110101011101010 (custom seed)

85 xaos the Chopper (level 4, -3/41 HPs)
             Began as a Hill Orc Berserker on June 1, 2022.
             Was a Believer of Trog.
             Slain by a gnoll
             ... wielding a +0 flail
              (6 damage)
             ... on level 1 of the Dungeon on June 2, 2022.
             The game lasted 00:11:45 (3400 turns).

xaos the Chopper (Hill Orc Berserker)               Turns: 3400, Time: 00:11:46

Health: -3/41      AC:  3    Str: 19    XL:     4   Next: 48%
Magic:  4/4        EV: 12    Int:  7    God:    Trog [**....]
Gold:   93         SH:  0    Dex: 12    Spells: 3/3 levels left

rFire   . . .      SeeInvis .   a - +0 hand axe
rCold   . . .      Faith    .   (no shield)
rNeg    . . .      Spirit   .   b - +0 animal skin
rPois   .          Reflect  .   d - +1 hat
rElec   .          Harm     .   (no cloak)
rCorr   .          Rampage  .   (no gloves)
Will    .....                   (no boots)
Stlth   +.........              (no amulet)
HPRegen 0.13/turn               (no ring)
MPRegen 0.09/turn               (no ring)

@: mighty
A: no striking features
a: Renounce Religion, Berserk, Trog's Hand


You were on level 1 of the Dungeon.
You worshipped Trog.
Trog was pleased with you.
You visited 1 branch of the dungeon, and saw 3 of its levels.

You collected 93 gold pieces.

Inventory:

Hand Weapons
 a - a +0 hand axe (weapon)
Armour
 b - a +0 animal skin (worn)
 d - a +1 hat (worn)
Scrolls
 c - 6 scrolls of identify
 e - a scroll of teleportation {unknown}
 f - a scroll of magic mapping
 g - a scroll of brand weapon {unknown}
 i - 2 scrolls of fog {unknown}
 l - a scroll of vulnerability {unknown}
Potions
 j - a potion of mutation {unknown}


   Skills:
 + Level 4.4 Fighting
 + Level 5.3 Axes
 + Level 0.2 Throwing
 + Level 2.4 Armour
 + Level 2.1 Dodging
 + Level 0.5 Stealth


You had 3 spell levels left.
You didn't know any spells.
Your spell library was empty.

Dungeon Overview and Level Annotations

Branches:
Dungeon (3/15)

Altars:

Shops:
D:1 (


Message History

Press: ? - help, Q - select action, (/) - cycle Shift-Dir - straight line, f/p - gnoll
Aim: a gnoll, wielding a +0 halberd (63% to hit)
You throw a poisoned dart. The poisoned dart hits the gnoll.
The gnoll is poisoned.
The gnoll barely misses you. The gnoll hits you with a +0 halberd!
* * * LOW HITPOINT WARNING * * *
You slash the gnoll!
The gnoll is almost dead.
The gnoll closely misses you.
You hit the gnoll.
You kill the gnoll!
Trog accepts your kill.
You hit the gnoll but do no damage. The gnoll closely misses you.
You hit the gnoll but do no damage. The gnoll barely misses you.
The endoplasm quivers.
You see here a +0 dagger.
There is a stone staircase leading up here.
The gnoll hits you with a +0 flail.
* * * LOW HITPOINT WARNING * * *
You climb upwards.
There is a stone staircase leading down here.
The gnoll misses you.
There is an escape hatch in the ceiling here.
The gnoll closely misses you. A mysterious force pulls you upwards.
The hatch slams shut behind you. The gnoll completely misses you.
The gnoll barely misses you. The gnoll hits you with a +0 flail.
* * * LOW HITPOINT WARNING * * *
You hit the gnoll.
The gnoll is lightly wounded.
The gnoll closely misses you.
You completely miss the gnoll.
The gnoll is lightly wounded.
The gnoll hits you with a +0 flail.
* * * LOW HITPOINT WARNING * * *
You feel very mighty all of a sudden. The gnoll hits you with a +0 flail.
You die...

#.###..#.#.#####..###..##
#.###.........##...#>..#
#..........##..####.##.#
#####.##.#.##..........#
#.##....##.##.######
#.##.......##.#
#.......#..##.#
####.......##.## ########
#.##..@g..#.# #.......
#.####.###.## #.######
#.####.# ### #.# #.
#......# #.# #. ########
#.# #. #.# ## #.# #.# #.#


You could see a gnoll.

Vanquished Creatures
  A gnoll (D:3)
  2 adders
  A dart slug (D:2)
  11 ball pythons
  5 endoplasms
  2 giant cockroaches (D:1)
  6 goblins
  4 hobgoblins
  3 jackals (D:1)
  2 quokkas
  2 bats
  2 frilled lizards
  4 kobolds
  5 rats
50 creatures vanquished.

Notes
Turn   | Place    | Note
-------+----------+-------------------------------------------
     0 | D:1      | xaos the Hill Orc Berserker began the quest for the Orb.
     0 | D:1      | Reached XP level 1. HP: 19/19 MP: 1/1
   101 | D:1      | Found Osunis's Antique Weapon Boutique.
   467 | D:1      | Reached XP level 2. HP: 27/27 MP: 2/2
   632 | D:1      | Found a faded altar of an unknown god.
  1085 | D:1      | Reached XP level 3. HP: 30/33 MP: 3/3
  1342 | D:2      | Reached ** piety under Trog
  2609 | D:2      | Reached skill level 5 in Axes
  2609 | D:2      | Reached XP level 4. HP: 41/41 MP: 4/4
  3400 | D:1      | Slain by a gnoll

Illustrated notes

Levels and vault maps discovered:
D:1:      nicolae_arrival_washed_ashore, layout_loops_cross, serial_shops, shop,
          nicolae_ecumenical_snake_handling
D:2:      layout_basic, corexii_item_surrounded_by_moat
D:3:      layout_loops_corners

Skill      XL: |  1  2  3 |
---------------+----------+-----
Fighting       | 4 |  4.4
Dodging        | 2 |  2.1
Axes           | 5 |  5.3
Throwing       | |  0.2
Armour         | |  2.4
Stealth        | |  0.5

Action                   |  1- 3 |  4- 6 || total
-------------------------+-------+-------++-------
Melee: Hand axe          |   107 |    22 ||   129
       Punch             |     2 |       ||     2
Throw: Boomerang         |     2 |     4 ||     6
       Dart              |       |     6 ||     6
Invok: Berserk           |     3 |       ||     3
       Trog's Hand       |     2 |       ||     2
  Use: Potion            |     1 |     1 ||     2
       Scroll            |       |     1 ||     1
 Stab: Sleeping          |     1 |       ||     1
Armor: Animal skin       |    36 |     6 ||    42
Dodge: Dodged            |    81 |    26 ||   107
